 Dungeon Crawl Stone Soup version 0.23.0-3-gf3c87f2df8 (webtiles) character file.

Game seed: 4424940491136213790

119232 OdinFK the Peltast (level 16, -1/146 HPs)
             Began as a Hill Orc Fighter on Feb 20, 2019.
             Was the Champion of Beogh.
             Slain by a komodo dragon (19 damage)
             ... on level 6 of the Lair of Beasts on Feb 21, 2019.
             The game lasted 01:49:24 (23632 turns).

OdinFK the Peltast (Hill Orc Fighter)              Turns: 23632, Time: 01:49:25

Health: -1/146     AC: 19    Str: 32    XL:     16   Next: 43%
Magic:  17/17      EV:  9    Int:  6    God:    Beogh [******]
Gold:   1343       SH: 17    Dex: 10    Spells: 15/15 levels left

rFire    . . .     SeeInvis +   u - +5 spear of Onu Juoc {protect, MR+ Int+2}
rCold    + . .     Gourm    .   c - +0 shield
rNeg     . . .     Faith    .   M - +0 chain mail
rPois    .         Spirit   .   w - +2 helmet
rElec    .         Reflect  +   F - +0 cloak
rCorr    .         Harm     .   I - +0 pair of gloves of the Fisher {-Cast Str+4 Slay+2 SInv}
MR       +++..     NoCast   +   (no boots)
Stlth    ..........             L - amulet "Voaseklays" {Reflect +Blink +Fly Str+2 Int-4 SH+2}
HPRegen  0.34/turn              N - ring of protection from magic
MPRegen  0.15/turn              Z - ring of protection from cold

@: lightly drained
A: walk on water
}: 1/15 runes: barnacled
a: Smiting, Recall Orcish Followers, Give Item to Named Follower, Resurrection,
Renounce Religion, Evoke Blink, Evoke Flight


You were on level 6 of the Lair of Beasts.
You worshipped Beogh.
Beogh was exalted by your worship.
You were hungry.

You visited 4 branches of the dungeon, and saw 25 of its levels.

You collected 1343 gold pieces.

Inventory:

Hand Weapons
 u - the +5 spear of Onu Juoc (weapon) {protect, MR+ Int+2}
   (You found it on level 7 of the Dungeon)

   It protects the one who uses it against injury (+AC on strike).
   It affects your intelligence (+2).
   It affects your resistance to hostile enchantments.
 B - a +4 rapier of electrocution
 P - the +3 rapier of Uryn {freeze, *Contam +Blink rN+}
   (You found it on level 4 of the Lair of Beasts)

   It has been specially enchanted to freeze those struck by it, causing extra
   injury to most foes and up to half again as much damage against particularly
   susceptible opponents.
   It can also slow down cold-blooded creatures.
   It protects you from negative energy.
   It lets you blink.
   It causes magical contamination when unequipped.
Missiles
 l - 2 tomahawks of returning
 n - 75 javelins
 o - 6 javelins of returning
 z - 32 poisoned javelins
 J - 27 tomahawks (quivered)
Armour
 c - a +0 shield (worn)
 w - a +2 helmet (worn)
 F - a +0 cloak (worn)
 I - the +0 pair of gloves of the Fisher (worn) {-Cast Str+4 Slay+2 SInv}
   (You found it on level 8 of the Dungeon)

   It affects your strength (+4).
   It affects your accuracy and damage with ranged weapons and melee attacks
   (+2).
   It lets you see invisible.
   It prevents spellcasting.
 M - a +0 chain mail (worn)
Jewellery
 L - the amulet "Voaseklays" (around neck) {Reflect +Blink +Fly Str+2 Int-4 SH+2}
   (You took it off a merfolk impaler on level 1 of the Shoals)

   [amulet of reflection]

   It shields you and reflects attacks.
   It affects your strength (+2).
   It affects your intelligence (-4).
   It lets you fly.
   It lets you blink.
   It affects your SH (+2).
 N - a ring of protection from magic (left hand)
 Z - a ring of protection from cold (right hand)
Wands
 V - a wand of paralysis (16)
 Y - a wand of digging (13)
Scrolls
 a - a scroll of holy word
 e - 5 scrolls of magic mapping
 g - 6 scrolls of teleportation
 h - 2 scrolls of fog
 i - 4 scrolls of remove curse
 k - 5 scrolls of amnesia
 r - a scroll of silence
 t - a scroll of summoning {unknown}
 x - 3 scrolls of blinking {unknown}
 y - 5 scrolls of enchant armour
 C - 3 scrolls of immolation
 D - 3 scrolls of enchant weapon {unknown}
 G - 2 scrolls of fear {unknown}
 K - 2 scrolls of vulnerability {unknown}
 Q - 2 scrolls of random uselessness {unknown}
 R - a scroll of torment {unknown}
 U - a scroll of brand weapon {unknown}
 W - a scroll of acquirement {unknown}
Potions
 b - 6 potions of heal wounds
 d - 3 potions of might
 j - 3 potions of curing
 m - 3 potions of flight
 p - a potion of berserk rage
 q - 2 potions of agility
 s - 3 potions of ambrosia
 v - a potion of lignification
 E - a potion of cancellation
 H - 2 potions of resistance
 O - a potion of mutation
 T - 2 potions of haste
Miscellaneous
 S - a phial of floods
Comestibles
 f - 57 rations
 A - 4 chunks of flesh


   Skills:
 + Level 14.2(13.9) Fighting
   Level 11.1(14.6) Axes
 + Level 14.0(14.7) Polearms
 + Level 7.8(7.6) Throwing
 + Level 13.7(13.5) Armour
 + Level 16.4(16.1) Shields
 + Level 0.3(0.1) Invocations
 + Level 1.4(1.2) Evocations


You had 15 spell levels left.
You didn't know any spells.
Your spell library contained the following spells:

 Spells                   Type           Power        Failure   Level  Hunger
 Animate Skeleton         Necr           N/A          85%         1    ##.....
 Apportation              Tloc           #.....       85%         1    ##.....
 Confusing Touch          Hex            #.....       85%         1    ##.....
 Corona                   Hex            #......      85%         1    ##.....
 Infusion                 Chrm           #...         85%         1    ##.....
 Magic Dart               Conj           #...         85%         1    ##.....
 Pain                     Necr           #...         85%         1    ##.....
 Sandblast                Erth           #.....       85%         1    ##.....
 Shock                    Conj/Air       #...         85%         1    ##.....
 Sting                    Conj/Pois      #...         85%         1    ##.....
 Summon Small Mammal      Summ           #...         85%         1    ##.....
 Blink                    Tloc           N/A          94%         2    ###....
 Call Imp                 Summ           #.......     94%         2    ###....
 Passwall                 Tmut/Erth      #.......     94%         2    ###....
 Searing Ray              Conj           #.....       94%         2    ###....
 Shroud of Golubria       Chrm/Tloc      #.........   94%         2    ###....
 Slow                     Hex            #.......     94%         2    ###....
 Song of Slaying          Chrm           #.......     94%         2    ###....
 Call Canine Familiar     Summ           #.......     99%         3    ####...
 Confuse                  Hex            #.......     99%         3    ####...
 Conjure Flame            Conj/Fire      #.......     99%         3    ####...
 Dazzling Spray           Conj/Hex       #.....       99%         3    ####...
 Gell's Gravitas          Tloc           #.........   99%         3    ####...
 Ignite Poison            Fire/Tmut/Pois #.......     99%         3    ####...
 Inner Flame              Hex/Fire       #.......     99%         3    ####...
 Mephitic Cloud           Conj/Pois/Air  #.......     99%         3    ####...
 Portal Projectile        Hex/Tloc       #.....       99%         3    ####...
 Regeneration             Chrm/Necr      #.........   99%         3    ####...
 Spectral Weapon          Hex/Chrm       #.......     99%         3    ####...
 Stone Arrow              Conj/Erth      #.....       99%         3    ####...
 Summon Guardian Golem    Hex/Summ       #.......     99%         3    ####...
 Vampiric Draining        Necr           #.........   99%         3    ####...
 Animate Dead             Necr           N/A          100%        4    #####..
 Cause Fear               Hex            #.........   100%        4    #####..
 Force Lance              Conj/Tloc      #.......     100%        4    #####..
 Fulminant Prism          Conj/Hex       #.........   100%        4    #####..
 Iskenderun's Mystic Bla  Conj           #.......     100%        4    #####..
 Leda's Liquefaction      Hex/Erth       #.........   100%        4    #####..
 Olgreb's Toxic Radiance  Pois           #.......     100%        4    #####..
 Petrify                  Tmut/Erth      #.......     100%        4    #####..
 Summon Ice Beast         Ice/Summ       #.......     100%        4    #####..
 Summon Lightning Spire   Summ/Air       #.......     100%        4    #####..
 Bolt of Magma            Conj/Fire/Erth #.........   100%        5    ######.
 Lee's Rapid Deconstruct  Erth           #.........   100%        5    ######.
 Metabolic Englaciation   Hex/Ice        #.........   100%        5    ######.
 Venom Bolt               Conj/Pois      #.........   100%        5    ######.
 Yara's Violent Unravell  Hex/Tmut       #.........   100%        5    ######.
 Freezing Cloud           Conj/Ice/Air   #.........   100%        6    #######
 Iron Shot                Conj/Erth      #.........   100%        6    #######
 Statue Form              Tmut/Erth      #........    100%        6    #######
 Shatter                  Erth           #.........   100%        9    #######


Dungeon Overview and Level Annotations

Branches:
Dungeon (14/15)            Temple (0/1) D:5            Lair (6/6) D:11
 Shoals (4/4) Lair:3        Snake (1/4) Lair:2        Slime (0/5) Lair:6
    Orc (0/2) D:10         Vaults (0/5) D:14

Altars:
Cheibriados
Dithmenos
Elyvilon
Fedhas
Gozag
Makhleb
Nemelex Xobeh
Okawaru
Qazlal
Ru
Sif Muna
Uskayaw
Xom
Yredelemnul
The Shining One
Jiyva

Shops:
D:13 %

Annotations:
D:6 1 runed translucent door, eLGassi's ghost, novice MiFi
D:13 2 transporters, 1 exclusion, PeterQ's ghost, journeyman VSAs
Lair:3 1 runed translucent door, Deed's ghost, journeyman MiFi


Message History

The vampire mosquito closely misses you.
A spiny frog comes into view.
The spiny frog croaks.
You block the vampire mosquito's attack.
You block the vampire mosquito's attack.
You feel sick.
You block the vampire mosquito's attack.
The spiny frog stings you but does no damage.
You block the vampire mosquito's attack.
You block the spiny frog's attack.
The vampire mosquito bites you but does no damage.
There is a stone staircase leading up here.
The vampire mosquito bites you.
* * * LOW HITPOINT WARNING * * *
The vampire mosquito draws strength from your injuries!
You block the vampire mosquito's attack.
You feel sick.
You are no longer poisoned.
The komodo dragon bites you!!
You die...

##.....##.##.....####.÷## #.""#.
##........#.#...#P#w...# #w..##
#....##................###....#
##...##.................#....#.
#.....#P...≈≈≈≈≈≈....†.#.......
##..P##P...≈≈≈≈≈≈≈....##.......
#...##..≈≈≈≈≈F≈≈≈≈.P.#P..)....
##........≈≈≈≈yl≈≈≈≈.....)....#
#P........≈≈≈≈@≈≈≈≈≈....(......
#........≈≈≈≈≈.≈≈≈≈............
#.........≈≈≈≈≈≈≈≈≈≈.....†.....
#.........≈≈≈≈≈≈≈≈≈......(.....
##.....##.#≈≈≈≈≈≈≈..............
#....###.###.≈≈≈................
#.P.###..###...........(.(......
#..........P.)..................
###.#.##.#......................


You could see a tyrant leech, a komodo dragon, a spiny frog and a vampire
mosquito.

Vanquished Creatures
  3 krakens
  Kirke (Lair:5)
  3 merfolk javelineers
  Josephine (D:11)
  5 merfolk impalers
  3 hydras
  A catoblepas (D:13)
  A merfolk aquamancer (Shoals:3)
  3 merfolk avatars
  A two-headed ogre (D:9)
  A satyr (Shoals:3)
  A death yak (Shoals:2)
  An unseen horror (D:11)
  A sea snake (Shoals:4)
  Pikel (D:8)
  12 harpies
  3 ugly things
  A cyclops (D:14)
  4 merfolk sirens
  10 manticores
  5 fauns
  A gargoyle (D:13)
  14 spiny frogs
  2 black mambas
  Psyche (D:9)
  2 rime drakes
  3 komodo dragons
  An efreet (D:14)
  5 trolls
  A hornet (D:14)
  3 wind drakes
  17 merfolk
  A raiju (shapeshifter) (D:13)
  18 blink frogs
  2 dream sheep (Shoals:2)
  2 snapping turtles
  5 hippogriffs
  A shadow (D:12)
  4 wraiths (D:11)
  A spriggan (shapeshifter) (D:13)
  12 water elementals
  3 hogs
  A human (D:10)
  A wyvern (Lair:3)
  22 yaks
  A vampire (D:14)
  2 basilisks
  A steam dragon (D:7)
  2 hungry ghosts
  5 vampire mosquitoes
  A naga (Lair:2)
  3 insubstantial wisps (Lair:1)
  An acid dragon (D:14)
  8 porcupines
  6 water moccasins
  2 orc warriors
  3 sky beasts
  4 black bears
  An ice beast (D:9)
  A necrophage (D:8)
  A phantom (D:8)
  3 ogres
  2 wolves (Lair:2)
  3 centaurs
  3 crocodiles
  20 bullfrogs
  3 big kobolds
  A gnoll sergeant (D:8)
  A wyvern skeleton (D:11)
  3 scorpions
  10 wights
  8 killer bees
  An electric eel (Lair:3)
  5 howler monkeys
  8 crimson imps
  5 centaur zombies
  A quasit (D:11)
  5 jellies
  2 centaur skeletons
  6 hounds
  4 orc priests
  9 orc wizards
  2 bullfrog skeletons
  7 iguanas
  7 worker ants
  A killer bee zombie (D:8)
  2 hound skeletons
  9 gnolls
  A howler monkey skeleton (D:5)
  16 adders
  6 river rats (D:5)
  2 shadow imps
  An ooze (D:4)
  2 adder skeletons
  4 worms
  2 dart slugs
  A leopard gecko (D:5)
  16 orcs
  8 bats
  8 giant cockroaches
  5 goblins
  5 hobgoblins
  8 jackals
  6 quokkas
  3 ball pythons
  3 frilled lizards
  2 jackal skeletons
  14 kobolds
  2 leopard gecko skeletons
  23 rats
  A fungus (Lair:6)
  6 tentacles
503 creatures vanquished.

Vanquished Creatures (collateral kills)
  Nikola (Shoals:3)
  Polyphemus (Shoals:2)
  Louise (Shoals:1)
  An ironheart preserver (D:14)
  3 merfolk javelineers (Shoals:4)
  5 merfolk impalers
  A centaur warrior (D:14)
  4 merfolk avatars (Shoals:4)
  A catoblepas (Shoals:2)
  Erica (D:10)
  2 two-headed ogres (D:10)
  2 merfolk aquamancers
  A death yak (Shoals:2)
  Urug (D:11)
  9 sea snakes
  A skeletal warrior (D:14)
  An unseen horror (D:14)
  11 harpies
  8 fauns
  4 manticores
  2 cyclopes
  3 merfolk sirens
  3 water nymphs
  Joseph (D:10)
  4 centaur skeletons
  3 spiny frogs
  An efreet (D:14)
  A kobold demonologist (D:14)
  2 rime drakes
  2 komodo dragons
  3 trolls
  A tyrant leech (Lair:6)
  8 merfolk
  6 wind drakes
  A polar bear (Lair:5)
  2 dream sheep (Shoals:2)
  4 slime creatures (D:13)
  9 blink frogs
  7 hippogriffs
  5 snapping turtles
  A shadow (D:14)
  6 water elementals
  18 yaks
  2 wraiths
  4 hogs
  2 basilisks
  5 vampire mosquitoes
  A steam dragon (D:11)
  2 nagas (Lair:2)
  An acid dragon (D:14)
  5 porcupines
  4 water moccasins
  3 ice beasts
  An orc warrior (D:10)
  4 ogres
  A phantom (D:10)
  4 wolves (Lair:2)
  2 crocodiles
  7 bullfrogs
  A big kobold (D:13)
  A gnoll sergeant (D:10)
  6 wights
  7 killer bees
  2 electric eels (Lair:2)
  3 howler monkeys (D:11)
  A crimson imp (D:11)
  A bullfrog zombie (D:13)
  A jelly (D:11)
  2 hounds (D:12)
  3 orc wizards
  3 worker ants
  2 gnolls (D:10)
  An adder (D:12)
  A shadow imp (D:14)
  3 orcs
  3 jackals (D:11)
  8 kobolds
  2 fungi
  13 plants
  5 tentacles
269 creatures vanquished.

Vanquished Creatures (others)
  2 orc warlords
  An orc high priest (Shoals:1)
  3 satyrs
  2 orc knights
  7 orc warriors
  2 fauns (Shoals:2)
  A cyclops (Shoals:2)
  A crocodile (Lair:5)
  A centaur skeleton (D:9)
  8 orc wizards
  7 orc priests
  2 river rats (D:5)
  27 orcs
  A rat (D:5)
  11 fungi
  44 plants
  24 tentacles
144 creatures vanquished.

Grand Total: 916 creatures vanquished

Notes
Turn   | Place    | Note
-------+----------+-------------------------------------------
     0 | D:1      | OdinFK the Hill Orc Fighter began the quest for the Orb.
     0 | D:1      | Reached XP level 1. HP: 19/19 MP: 1/1
   445 | D:1      | Reached XP level 2. HP: 27/27 MP: 2/2
   805 | D:2      | Found a blossoming altar of Fedhas.
   815 | D:2      | Reached XP level 3. HP: 33/33 MP: 3/3
  1015 | D:2      | Found a hide-covered altar of Uskayaw.
  1216 | D:2      | Found a blossoming altar of Fedhas.
  1685 | D:3      | Reached XP level 4. HP: 40/40 MP: 4/4
  1898 | D:3      | Found an iron altar of Okawaru.
  1940 | D:3      | Found a shadowy altar of Dithmenos.
  2083 | D:3      | Found a burning altar of Makhleb.
  2257 | D:4      | Reached skill level 5 in Axes
  2257 | D:4      | Reached skill level 4 in Shields
  2257 | D:4      | Reached XP level 5. HP: 18/47 MP: 5/5
  2464 | D:4      | Found an opulent altar of Gozag.
  2563 | D:4      | Found a shimmering altar of Xom.
  2646 | D:4      | Reached XP level 6. HP: 49/53 MP: 6/6
  2800 | D:4      | Reached skill level 1 in Throwing
  2834 | D:4      | Found a stormy altar of Qazlal.
  3087 | D:4      | Found a snail-covered altar of Cheibriados.
  3152 | D:5      | Entered Level 5 of the Dungeon
  3255 | D:5      | Found a burning altar of Makhleb.
  3566 | D:5      | Became a worshipper of Beogh the Brigand
  3882 | D:5      | Reached XP level 7. HP: 52/60 MP: 7/7
  3903 | D:5      | Found a staircase to the Ecumenical Temple.
  4006 | D:5      | Reached skill level 5 in Armour
  4098 | D:5      | Reached skill level 5 in Fighting
  4098 | D:5      | Reached skill level 5 in Shields
  4593 | D:5      | Reached XP level 8. HP: 56/68 MP: 8/8
  4595 | D:5      | Reached * piety under Beogh
  4861 | D:6      | Found a sacrificial altar of Ru.
  5097 | D:6      | Reached skill level 6 in Shields
  5188 | D:6      | Reached skill level 10 in Axes
  5188 | D:6      | Reached XP level 9. HP: 22/75 MP: 9/9
  5448 | D:6      | Found a runed translucent door.
  5453 | D:6      | Noticed eLGassi's ghost (novice MiFi)
  5498 | D:6      | Found a glowing golden altar of the Shining One.
  5735 | D:6      | Found a deep blue altar of Sif Muna.
  5895 | D:7      | Found a sparkling altar of Nemelex Xobeh.
  5932 | D:7      | Found a basalt altar of Yredelemnul.
  6030 | D:7      | Got a warped spear
  6069 | D:7      | Reached ** piety under Beogh
  6077 | D:7      | Identified the +5 spear of Onu Juoc {protect, MR+ Int+2}
                  | (You found it on level 7 of the Dungeon)
  6097 | D:7      | Reached skill level 1 in Evocations
  6297 | D:7      | Reached skill level 1 in Polearms
  6436 | D:8      | Reached skill level 7 in Shields
  6570 | D:8      | Found a white marble altar of Elyvilon.
  6694 | D:8      | Got a pair of shimmering gloves
  6700 | D:8      | Identified the +0 pair of gloves of the Fisher {-Cast Str+4
                  | Slay+2 SInv} (You found it on level 8 of the Dungeon)
  6713 | D:8      | Reached XP level 10. HP: 83/86 MP: 10/10
  7081 | D:9      | Noticed Pikel
  7093 | D:8      | Reached *** piety under Beogh
  7093 | D:8      | Reached skill level 5 in Polearms
  7114 | D:8      | Killed Pikel
  7127 | D:9      | Reached skill level 8 in Shields
  7139 | D:9      | Noticed a two-headed ogre
  7159 | D:9      | Killed a two-headed ogre
  7426 | D:9      | Reached **** piety under Beogh
  7492 | D:9      | Noticed Psyche
  7496 | D:9      | Paralysed by Psyche for 6 turns
  7505 | D:9      | Killed Psyche
  7926 | D:9      | Reached XP level 11. HP: 94/94 MP: 12/12
  7988 | D:10     | Entered Level 10 of the Dungeon
  8081 | D:10     | Found a staircase to the Orcish Mines.
  8121 | D:10     | Reached skill level 9 in Shields
  8139 | D:10     | Noticed Joseph
  8151 | D:10     | Killed Joseph
  8153 | D:10     | Noticed a two-headed ogre
  8167 | D:10     | Killed a two-headed ogre
  8230 | D:10     | Noticed Erica
  8239 | D:10     | Killed Erica
  8295 | D:10     | Noticed a two-headed ogre
  8301 | D:10     | Killed a two-headed ogre
  8357 | D:10     | Gained Okrist as an ally
  8665 | D:11     | Reached ***** piety under Beogh
  8674 | D:11     | Noticed an unseen horror
  8674 | D:11     | Noticed Josephine
  8684 | D:11     | Your ally Okrist died
  8689 | D:11     | Killed Josephine
  8690 | D:11     | Gained Hawl as an ally
  8692 | D:11     | Killed an unseen horror
  8692 | D:11     | Reached skill level 5 in Throwing
  8694 | D:11     | Reached skill level 10 in Shields
  8707 | D:11     | Your ally Hawl died
  9359 | D:11     | Noticed Urug
  9374 | D:11     | Killed Urug
  9374 | D:11     | Reached XP level 12. HP: 66/104 MP: 13/13
  9489 | D:11     | Found a staircase to the Lair.
  9755 | Lair:1   | Entered Level 1 of the Lair of Beasts
 10506 | Lair:2   | Noticed a seven-headed hydra
 10517 | Lair:2   | Killed an eight-headed hydra
 10517 | Lair:2   | Gained Morbeogh as an ally
 10736 | Lair:2   | Found a staircase to the Snake Pit.
 10742 | Lair:2   | Reached skill level 10 in Polearms
 11391 | Lair:3   | Found a runed translucent door.
 11391 | Lair:3   | Noticed Deed's ghost (journeyman MiFi)
 11399 | Lair:3   | Reached skill level 11 in Shields
 11455 | Lair:3   | Gained Orkrul as an ally
 11702 | Lair:3   | Reached skill level 10 in Fighting
 12014 | Lair:3   | Found a staircase to the Shoals.
 12400 | Lair:4   | Reached skill level 10 in Armour
 12408 | Lair:4   | Reached XP level 13. HP: 99/113 MP: 14/14
 12936 | Lair:4   | Reached ****** piety under Beogh
 12941 | Lair:4   | Got a bloodstained rapier
 13211 | Lair:5   | Noticed Kirke
 13231 | Lair:5   | Killed Kirke
 13617 | Snake:1  | Entered Level 1 of the Snake Pit
 14283 | D:13     | Found Cafasyto's Food Shop.
 14317 | D:13     | Reached skill level 12 in Shields
 14619 | D:13     | Found a transporter.
 14623 | D:13     | Found a transporter.
 14624 | D:13     | Noticed PeterQ's ghost (journeyman VSAs)
 15297 | D:14     | Gained Brandogh as an ally
 15361 | D:14     | Found a gate to the Vaults.
 15361 | D:14     | Noticed an ironheart preserver
 15378 | D:14     | Killed an ironheart preserver
 15378 | D:14     | Reached XP level 14. HP: 100/124 MP: 15/15
 16219 | Shoals:1 | Entered Level 1 of the Shoals
 16538 | Shoals:1 | Reached skill level 13 in Shields
 16852 | Shoals:1 | Noticed Louise
 16890 | Shoals:1 | Killed Louise
 17074 | Shoals:1 | Noticed a kraken
 17090 | Shoals:1 | Killed a kraken
 17207 | Shoals:1 | Your ally Brandogh died
 17218 | Shoals:1 | Your ally Morbeogh died
 17408 | Shoals:1 | Got a scorched jade amulet
 17418 | Shoals:1 | Identified the amulet "Voaseklays" {Reflect +Blink +Fly
                  | Str+2 Int-4 SH+2} (You took it off a merfolk impaler on
                  | level 1 of the Shoals)
 17591 | Shoals:2 | Noticed Polyphemus
 17636 | Shoals:2 | Killed Polyphemus
 17644 | Shoals:2 | HP: 5/127 [catoblepas[Polyphemus] (8)]
 17649 | Shoals:2 | HP: 1/127 [catoblepas[Polyphemus] (21)]
 18022 | Shoals:2 | Identified the Volume of Feathers and Poisoning
 18297 | Shoals:2 | Reached XP level 15. HP: 51/134 MP: 16/16
 18475 | Shoals:2 | Reached skill level 14 in Shields
 18523 | Shoals:2 | Identified the +3 rapier of Uryn {freeze, *Contam +Blink
                  | rN+} (You found it on level 4 of the Lair of Beasts)
 18601 | Shoals:2 | Noticed a kraken
 18636 | Shoals:2 | Killed a kraken
 18869 | Shoals:3 | Noticed Nikola
 18901 | Shoals:3 | Your ally Orkrul died
 19434 | Shoals:3 | Killed Nikola
 19846 | Shoals:4 | Entered Level 4 of the Shoals
 20395 | Shoals:4 | Reached skill level 15 in Shields
 21296 | Shoals:4 | Reached XP level 16. HP: 37/145 MP: 17/17
 21407 | Shoals:4 | Your ally Orkrul died
 21909 | Shoals:4 | Noticed a kraken
 21968 | Shoals:4 | Killed a kraken
 22358 | Shoals:4 | Got a barnacled rune of Zot
 22583 | Shoals:4 | HP: 4/146 [alligator snapping turtle (36)]
 22895 | Lair:6   | Entered Level 6 of the Lair of Beasts
 22969 | Lair:6   | Reached skill level 16 in Shields
 23071 | Lair:6   | Gained Boderik as an ally
 23075 | Lair:6   | Your ally Boderik died
 23307 | Lair:6   | Found a staircase to the Slime Pits.
 23308 | Lair:6   | Found a viscous altar of Jiyva.
 23596 | Lair:6   | Upgraded the game from 0.23.0-2-g0fe3ce5905 to
                  | 0.23.0-3-gf3c87f2df8
 23632 | Lair:6   | Slain by a komodo dragon

Skill      XL: |  1  2  3  4  5  6  7  8  9 10 11 12 13 14 15 16 |
---------------+-------------------------------------------------+-----
Axes           | 3 4 5 6 8 10 11 | 11.1
Fighting       | 4 5 6 7 8 9 10 11 12 13 14 | 14.2
Armour         | 4 5 6 7 8 10 11 12 13 | 13.7
Shields        | 4 5 6 7 8 10 11 12 13 15 16 | 16.4
Throwing       | 1 2 3 5 6 7 |  7.8
Evocations     | 1 |  1.4
Polearms       | 4 7 9 11 12 13 14 | 14.0
Invocations    | |  0.3

Action                   |  1- 3 |  4- 6 |  7- 9 | 10-12 | 13-15 | 16-18 || total
-------------------------+-------+-------+-------+-------+-------+-------++-------
Melee: War axe           |    89 |   204 |   284 |       |       |       ||   577
       Spear             |       |       |   164 |   748 |  1251 |   524 ||  2687
Throw: Tomahawk          |     8 |    33 |    18 |    79 |    58 |    12 ||   208
Invok: Convert to Beogh  |       |     1 |       |       |       |       ||     1
       Give Item to Name |       |       |       |     2 |     1 |       ||     3
       Recall Orcish Fol |       |       |       |       |     1 |       ||     1
       Resurrection      |       |       |       |       |     1 |       ||     1
Evoke: Wand              |       |       |    10 |     3 |       |       ||    13
  Use: Scroll            |       |       |     2 |     4 |    18 |     3 ||    27
       Potion            |       |       |       |     2 |    12 |       ||    14
 Stab: Paralysed         |       |       |    19 |     5 |       |       ||    24
       Distracted        |       |       |       |     5 |    13 |     1 ||    19
  Eat: Chunk             |     2 |     8 |     6 |    21 |    25 |     8 ||    70
       Ration            |       |       |     1 |       |     1 |       ||     2
Armor: Scale mail        |    41 |     7 |       |       |       |       ||    48
       Chain mail        |       |    89 |   239 |   197 |   341 |   113 ||   979
Dodge: Dodged            |    29 |    40 |    80 |   114 |   189 |    74 ||   526
Block: Shield            |    46 |    91 |   237 |   258 |   562 |   272 ||  1466
       Reflection        |       |       |       |       |    60 |    14 ||    74
